Map: Romanticide LE

Players

PiLiPiLi

  • Race: Protoss Protoss
  • League: Grandmaster
  • Spawn Location: 5:00

Future - Winner!

  • Race: Terran Terran
  • Spawn Location: 11:00

Event: DreamHack SC2 Masters 2020 Winter

VOD

Have the link to the VOD?

Description

Time

  • Played on: Nov. 1, 2020, 2:30 p.m.
  • Length: 9:21

All games in this series

Show
View Real Time Build Order
Export as new Build Order

PiLiPiLi Protoss 

Build Orders: Blink Stalkers 

Get SALT Encoding   

  12  0:00  Probe  
  13  0:12  Probe  
  14  0:18  Pylon  
  14  0:24  Probe (Chrono Boost)  
  15  0:37  Probe (Chrono Boost), Gateway  
  16  0:45  Probe (Chrono Boost)  
  16  0:47  Assimilator  
  17  0:51  Probe  
  18  1:03  Probe  
  19  1:15  Probe  
  20  1:25  Cybernetics Core, Zealot  
  22  1:28  Assimilator  
  22  1:30  Probe  
  23  1:35  Pylon  
  23  1:54  Nexus  
  23  2:00  Stalker (Chrono Boost)  
  23  2:05  Probe  
  26  2:15  Warp Gate  
  26  2:17  Probe  
  26  2:20  Stalker (Chrono Boost)  
  29  2:30  Probe  
  29  2:37  Pylon  
  29  2:41  Twilight Council  
  29  2:43  Probe  
  30  2:55  Probe  
  31  3:02  Shield Battery  
  31  3:04  Stalker (Chrono Boost)  
  31  3:09  Shield Battery  
  33  3:14  Blink (Chrono Boost)  
  33  3:19  Probe  
  30  3:37  Probe  
  30  3:38  Probe  
  27  3:58  Probe  
  20  4:13  Stalker  
  20  4:14  Probe x2  
  21  4:20  Gateway  
  21  4:26  Probe  
  21  4:28  Probe  
  21  4:38  Probe  
  21  4:44  Stalker  
  23  4:53  Probe  
  23  4:59  Robotics Facility  
  23  5:06  Probe  
  24  5:07  Probe  
  25  5:19  Probe (Chrono Boost)  
  25  5:31  Probe (Chrono Boost)  
  26  5:41  Probe  
  26  5:43  Probe  
  28  5:55  Stalker  
  28  5:56  Stalker  
  32  5:57  Observer (Chrono Boost)  
  32  6:00  Probe  
  33  6:10  Observer (Chrono Boost)  
  33  6:11  Probe  
  33  6:15  Probe  
  36  6:20  Gateway  
  36  6:32  Probe  
  36  6:33  Probe  
  36  6:35  Stalker  
  39  6:45  Probe x2  
  41  6:51  Warp Prism (Chrono Boost)  
  41  6:59  Probe  
  41  7:00  Probe  
  42  7:16  Stalker  
  42  7:18  Stalker  
  43  7:26  Observer  
  42  7:33  Stalker  
  42  7:42  Stalker  
  42  7:49  Stalker  
  38  7:59  Stalker  
  38  8:02  Stalker  
  40  8:13  Stalker  
  40  8:18  Zealot  
  44  8:21  Zealot  
  44  8:25  Probe x2  
  46  8:38  Stalker  
  46  8:40  Probe x2  
  43  8:52  Stalker  
  33  8:57  Stalker  
  32  9:06  Stalker  
  34  9:14  Stalker  
Show
View Real Time Build Order
Export as new Build Order

Future Terran - Winner!

Build Orders: 1/1/1, Liberator Opening 

Get SALT Encoding   

  12  0:00  SCV  
  13  0:12  SCV  
  14  0:18  Supply Depot  
  14  0:24  SCV  
  15  0:40  SCV, Barracks  
  16  0:45  Refinery  
  16  0:52  SCV  
  16  0:56  Refinery  
  17  1:04  SCV  
  18  1:16  SCV  
  19  1:27  Marine  
  19  1:28  Orbital Command  
  20  1:34  Factory  
  20  1:42  Supply Depot  
  20  1:47  Barracks Reactor  
  20  1:54  SCV  
  21  2:06  SCV  
  22  2:08  Supply Depot  
  22  2:22  SCV  
  23  2:25  Starport  
  23  2:32  Hellion x2, Reaper  
  23  2:34  SCV  
  29  2:39  Supply Depot  
  29  2:46  SCV  
  30  2:53  Hellion  
  30  2:54  Hellion  
  34  3:06  Liberator  
  36  3:14  Widow Mine  
  36  3:15  Widow Mine  
  40  3:33  SCV  
  34  3:47  Widow Mine x2  
  36  3:49  Armory  
  36  3:50  SCV  
  30  4:02  SCV  
  30  4:08  Widow Mine  
  31  4:21  SCV  
  29  4:33  SCV  
  29  4:35  Medivac  
  32  4:40  Widow Mine  
  32  4:44  Widow Mine  
  32  4:45  SCV  
  35  4:55  Supply Depot  
  35  4:57  Barracks Tech Lab  
  35  5:01  SCV  
  36  5:08  Barracks  
  36  5:09  Starport Tech Lab  
  36  5:19  SCV  
  37  5:24  Marine x2, Siege Tank  
  42  5:29  Supply Depot  
  42  5:32  SCV  
  43  5:41  Banshee  
  46  5:45  Marine  
  47  5:51  Marine  
  47  5:52  Supply Depot  
  48  5:58  Siege Tank  
  51  6:04  Marine  
  51  6:05  Marine  
  51  6:08  Marine  
  54  6:16  Supply Depot  
  44  6:33  Marine x3  
  44  6:35  Siege Tank  
  48  6:40  Banshee  
  51  6:51  Marine x2  
  51  6:55  Marine  
  52  7:08  Siege Tank  
  55  7:09  Marine x2  
  55  7:13  Marine  
  58  7:26  Marine  
  58  7:27  Raven, Marine  
  62  7:31  Marine  
  60  7:42  Siege Tank  
  59  7:44  Marine  
  55  7:54  Marine x2  
  57  8:02  Marine  
  54  8:11  Marine  
  54  8:12  Marine  
  53  8:16  Siege Tank  
  56  8:20  Marine  
  57  8:29  Marine x2  
  56  8:38  Marine  
  54  8:47  Marine  
  54  8:48  Siege Tank  
  46  8:57  Marine x2  
Tags
 
Add a new tag
Caveats
  • Supply blocks, unpowered buildings, or Contaminate may cause inaccurate times.
  • Supply counts are checked every 10 seconds.